 Dungeon Crawl Stone Soup version 0.24.1-8-ga250c9d538 (webtiles) character file.

Game seed: 10085681584681231991, levelgen mode: deterministic

131 lepoulpe303 the Magician (level 4, 0/24 HPs)
             Began as a Deep Elf Fire Elementalist on Apr 29, 2020.
             Slain by an orc
             ... wielding a +0 short sword
              (4 damage)
             ... on level 3 of the Dungeon.
             The game lasted 00:09:33 (2697 turns).

lepoulpe303 the Magician (DEFE)                     Turns: 2697, Time: 00:09:34

Health: 0/24       AC:  2    Str:  5    XL:     4   Next: 91%
Magic:  0/12       EV: 13    Int: 21    God:
Gold:   195        SH:  0    Dex: 15    Spells: 2/11 levels left

rFire    . . .     SeeInvis .   b - +1 short sword (venom)
rCold    . . .     Gourm    .   (no shield)
rNeg     . . .     Faith    .   n - +0 robe
rPois    .         Spirit   .   (no helmet)
rElec    .         Reflect  .   (no cloak)
rCorr    .         Harm     .   (no gloves)
MR       .....                  (no boots)
Stlth    ++........             (no amulet)
HPRegen  0.08/turn              (no ring)
MPRegen  0.13/turn              (no ring)

@: no status effects
A: no striking features
a: no special abilities


You were on level 3 of the Dungeon.
You were not hungry.

You visited 1 branch of the dungeon, and saw 3 of its levels.

You collected 195 gold pieces.

Inventory:

Hand Weapons
 a - a +1 dagger of speed
 b - a +1 short sword of venom (weapon)
Armour
 n - a +0 robe (worn)
Scrolls
 c - a scroll of blinking {unknown}
 f - 5 scrolls of identify {unknown}
 g - a scroll of fear {unknown}
 h - a scroll of amnesia {unknown}
 l - 2 scrolls of teleportation {unknown}
 o - 3 scrolls of remove curse {unknown}
Potions
 d - 2 potions of might {unknown}
 i - a potion of berserk rage {unknown}
 j - a potion of flight {unknown}
 k - a potion of agility {unknown}
 m - a potion of brilliance {unknown}
 p - a potion of heal wounds {unknown}
 q - a potion of mutation {unknown}
Comestibles
 e - 6 rations


   Skills:
 + Level 0.7 Short Blades
 + Level 3.0 Dodging
 + Level 3.1 Stealth
 * Level 4.2 Spellcasting
 * Level 2.8 Conjurations
 * Level 4.1 Fire Magic


You had 2 spell levels left.
You knew the following spells:

 Your Spells              Type           Power        Failure   Level  Hunger
a - Flame Tongue          Conj/Fire      ###..        2%          1    None
b - Inner Flame           Hex/Fire       ##......     16%         3    ###....
c - Conjure Flame         Conj/Fire      ###.....     9%          3    ###....
x - Throw Flame           Conj/Fire      ###...       4%          2    #......

Your spell library contained the following spells:

 Spells                   Type           Power        Failure   Level  Hunger
 Sticky Flame             Conj/Fire      ###.....     28%         4    ####...
 Fireball                 Conj/Fire      ###.......   61%         5    ######.


Dungeon Overview and Level Annotations

Branches:
Dungeon (3/15)

Altars:

Annotations:
D:3 1 exclusion, Sigmund


Message History

You now have 1/12 mp.
Aim: an orc, wielding a +0 short sword and wearing a +0 ring mail The flame tongue hits the orc but does no damage.
* * * LOW MAGIC WARNING * * *
You now have 0/12 mp.
The orc hits you with a +0 short sword.
* * * LOW HITPOINT WARNING * * *
You take 3 damage, and have 3/24 hp.
You barely miss the orc. The orc hits you but does no damage.
Aim: an orc, wielding a +0 short sword and wearing a +0 ring mail The flame tongue hits the orc.
* * * LOW MAGIC WARNING * * *
The orc completely misses you.
You now have 0/12 mp.
The orc's inner flame fades away.
Aim: an orc, wielding a +0 short sword and wearing a +0 ring mail (moderately wounded)
The flame tongue hits the orc.
* * * LOW MAGIC WARNING * * *
The orc hits you with a +0 short sword.
You die...

# #......##..## #.# #
#########...# #.# # #.#.##
#.# #.#..# #.# #### #.##.##
#.# #... #.##..# #.# #.##
#####.###.## #.# #.#
#.....#.o..# #.# #.#
#.#####@#..## #.# #.##
##'#####.#...###.#####.#.
#........#l#.........#.#.
#........#r#..##.###.#.#.
#........#.#..##.# #.#.#.
##.......#o#..##.# #.#.#.
############.#..##.###.#.#.
..... #.##........#.#.
......######[##..#.#####.#.


You could see an orc.

Levels and vault maps discovered:
D:1:      nicolae_arrival_memento_mori, layout_loops_cross
D:2:      layout_rooms
D:3:      layout_basic, uniq_sigmund

Notes
Turn   | Place    | Note
-------+----------+-------------------------------------------
     0 | D:1      | lepoulpe303 the Deep Elf Fire Elementalist began the quest
                  | for the Orb.
     0 | D:1      | Reached XP level 1. HP: 10/10 MP: 6/6
   210 | D:1      | Identified a +0 club
   261 | D:1      | Reached XP level 2. HP: 15/15 MP: 5/8
   422 | D:1      | Identified a +0 club
   587 | D:2      | Identified a +0 short sword
   644 | D:2      | Identified a +1 short sword of venom
   651 | D:2      | Reached XP level 3. HP: 19/19 MP: 7/10
   660 | D:2      | Learned a level 2 spell: Throw Flame
   664 | D:2      | Learned a level 3 spell: Conjure Flame
   703 | D:2      | Identified a +0 club
   752 | D:2      | Reached skill level 2 in Conjurations
  1137 | D:2      | Identified a +0 club
  1168 | D:2      | Identified a +0 club
  1191 | D:2      | Reached skill level 3 in Stealth
  1235 | D:2      | Learned a level 3 spell: Inner Flame
  1338 | D:3      | Identified a +0 dagger
  1350 | D:3      | Reached XP level 4. HP: 20/24 MP: 9/11
  1378 | D:3      | Identified a +1 dagger of speed
  1419 | D:3      | Identified a +0 flail
  1419 | D:3      | Identified a +0 short sword
  1572 | D:3      | Identified a +0 short sword
  1903 | D:3      | Identified a +2 leather armour of cold resistance
  1903 | D:3      | Identified a cursed -1 club
  1903 | D:3      | Identified a +0 flail
  1903 | D:3      | Identified a +0 ring mail
  1903 | D:3      | Identified a +0 short sword
  1903 | D:3      | Identified a +0 ring mail
  1972 | D:3      | Identified a +0 club
  2026 | D:3      | Identified a +0 mace
  2026 | D:3      | Identified a +0 morningstar
  2026 | D:3      | Identified a +0 club
  2027 | D:3      | Identified a +0 short sword
  2031 | D:3      | Reached skill level 4 in Fire Magic
  2031 | D:3      | Identified a +0 short sword
  2148 | D:3      | Identified a +0 leather armour
  2152 | D:3      | Reached skill level 4 in Spellcasting
  2438 | D:3      | Identified a +0 club
  2508 | D:3      | Identified a cursed -2 scythe
  2508 | D:3      | Identified a +0 robe
  2508 | D:3      | Noticed Sigmund
  2673 | D:3      | Reached skill level 3 in Dodging
  2682 | D:3      | HP: 5/24 [orc (4)]
  2697 | D:3      | Slain by an orc

Table legend:
 A = Turns spent in this place as a percentage of turns spent in the entire game.
 B = Non-inter-level travel turns spent in this place as a percentage of non-inter-level travel turns spent in the entire game.
 C = Inter-level travel turns spent in this place as a percentage of turns spent in this place.
 D = Turns resting spent in this place as a percentage of non-inter-level travel turns spent in this place.
 E = Turns spent auto-exploring this place as a percentage of non-inter-level travel turns spent in this place.
 F = Non-inter-level travel turns spent in this place divided by the number of levels of this place that you've seen.
                   A       B       C       D       E      F
               +-------+-------+-------+-------+-------+----------------------
         Total | 100.0 | 100.0 |   5.8 |  20.8 |  56.6 | 847.0
       Dungeon | 100.0 | 100.0 |   5.8 |  20.8 |  56.6 | 847.0
               +-------+-------+-------+-------+-------+----------------------

Table legend:
 A = Kills in this place as a percentage of kills in entire the game.
 B = Kills by you in this place as a percentage of kills by you in the entire game.
 C = Kills by friends in this place as a percentage of kills by friends in the entire game.
 D = Other kills in this place as a percentage of other kills in the entire game.
 E = Experience gained in this place as a percentage of experience gained in the entire game.
 F = Experience gained in this place divided by the number of levels of this place that you have seen.
                   A       B       C       D       E      F
               +-------+-------+-------+-------+-------+----------------------
         Total | 100.0 | 100.0 |   N/A |   N/A | 100.0 |  62.7
       Dungeon | 100.0 | 100.0 |   N/A |   N/A | 100.0 |  62.7
               +-------+-------+-------+-------+-------+----------------------

Skill      XL: |  1  2  3  4 |
---------------+-------------+-----
Conjurations   | 2 |  2.8
Stealth        | 3 |  3.1
Fire Magic     | 4 |  4.1
Spellcasting   | 4 |  4.2
Dodging        | 3 |  3.0
Short Blades   | |  0.7

Action                   |  1- 3 |  4- 6 || total
-------------------------+-------+-------++-------
Melee: Short sword       |    24 |    28 ||    52
 Cast: Flame Tongue      |    39 |    20 ||    59
       Throw Flame       |       |    15 ||    15
       Inner Flame       |       |     3 ||     3
 Stab: Sleeping          |     2 |     3 ||     5
  Eat: Chunk             |     1 |     5 ||     6
Armor: Robe              |     2 |     2 ||     4
Dodge: Dodged            |     9 |    18 ||    27

Vanquished Creatures
  An orc priest (D:3)
  2 adders (D:2)
  An ooze (D:2)
  2 worms (D:3)
  A dart slug (D:2)
  9 orcs (D:3)
  4 giant cockroaches
  9 goblins
  7 hobgoblins
  3 quokkas
  2 ball pythons
  A bat (D:1)
  3 frilled lizards
  7 kobolds
  9 rats
61 creatures vanquished.
